 Dungeon Crawl Stone Soup version 0.19-a0-599-g723c685 (webtiles) character file.

756 Laan the Conjurer (level 7, -3/46 HPs)
             Began as a Mummy Conjurer on June 11, 2016.
             Was an Initiate of Vehumet.
             Slain by a slave (6 damage)
             ... led by Pikel
             ... on level 5 of the Dungeon.
             The game lasted 00:10:48 (6580 turns).

Laan the Conjurer (Mummy Conjurer)                  Turns: 6580, Time: 00:10:48

Health: -3/46      AC:  5    Str: 11    XL:     7   Next: 50%
Magic:  1/10       EV: 12    Int: 16    God:    Vehumet [......]
Gold:   300        SH:  0    Dex: 13    Spells: 2 memorised, 5 levels left

rFire  x . .     SeeInvis +     i - +3 short sword (venom)
rCold  + . .     Gourm    .     a - +0 robe
rNeg   + + +     Faith    .     (no shield)
rPois  ∞         Spirit   .     n - +1 helmet
rElec  .         Dismiss  .     (no cloak)
rCorr  .         Reflect  .     d - +0 pair of gloves
SustAt .         Harm     .     (no boots)
MR     .....                    (no amulet)
Stlth  +++.......               r - ring of stealth
                                l - ring of see invisible

@: not resistant to hostile enchantments, fairly stealthy
A: no food or potions, fire vulnerability, cold resistance 1, negative energy
resistance 3, torment resistance, unbreathing
a: Renounce Religion


You were on level 5 of the Dungeon.
You worshipped Vehumet.
Vehumet was noncommittal.
You were not hungry.

You visited 2 branches of the dungeon, and saw 6 of its levels.
You also visited: Ossuary.

You collected 300 gold pieces.

Inventory:

Hand Weapons
 g - a +0 mace
 i - a +3 short sword of venom (weapon)
 s - a +2 flail of holy wrath
Armour
 a - a +0 robe (worn)
 d - a +0 pair of gloves (worn)
 n - a +1 helmet (worn)
Jewellery
 l - a ring of see invisible (left hand)
 r - a ring of stealth (right hand)
 t - an uncursed ring of magical power {unknown}
Wands
 o - a wand of iceblast (4/15)
Scrolls
 c - a scroll of magic mapping {unknown}
 e - a scroll of enchant weapon
 f - 10 scrolls of identify {unknown}
 h - 2 scrolls of blinking {unknown}
 j - 3 scrolls of immolation {unknown}
 m - a scroll of remove curse
 p - 3 scrolls of teleportation {unknown}
 q - a scroll of enchant armour {unknown}
 u - a scroll of fog {unknown}
Books
 b - a book of Conjurations

   Spells                             Type                      Level
   a - Magic Dart                     Conjuration                  1
   b - Searing Ray                    Conjuration                  2
   c - Dazzling Spray                 Conjuration/Hexes            3
   d - Fulminant Prism                Conjuration/Hexes            4
   e - Iskenderun's Mystic Blast      Conjuration                  4
   f - Iskenderun's Battlesphere      Conjuration/Charms           5
 k - a book of Annihilations

   Spells                             Type                      Level
   a - Poison Arrow                   Conjuration/Poison           6
   b - Chain Lightning                Conjuration/Air              8
   c - Lehudib's Crystal Spear        Conjuration/Earth            8
   d - Glaciate                       Conjuration/Ice              9
   e - Fire Storm                     Conjuration/Fire             9


   Skills:
 - Level 1.5 Dodging
 - Level 1.5 Stealth
 - Level 2.0 Spellcasting
 * Level 7.8 Conjurations


You had 5 spell levels left.
You knew the following spells:

 Your Spells              Type           Power        Failure   Level  Hunger
a - Magic Dart            Conj           ####         1%          1    N/A
b - Iskenderun's Mystic   Conj           ####....     12%         4    N/A

Dungeon Overview and Level Annotations

Branches:
Dungeon (5/15)             Temple (1/1) D:4

Altars:
Ashenzari
Dithmenos
Elyvilon
Gozag
Hepliaklqana
Makhleb
Nemelex Xobeh
Okawaru
Pakellas
Qazlal
Ru
Trog
Uskayaw
Vehumet
Xom
Zin
The Shining One

Annotations:
D:5 Pikel


Innate Abilities, Weirdness & Mutations

You do not eat or drink.
Your flesh is vulnerable to fire.
You are immune to poison.
Your flesh is cold resistant. (rC+)
You are immune to negative energy. (rN+++)
You are immune to unholy pain and torment.
You can survive without breathing.


Message History

The mummy hits you.
* * * LOW HITPOINT WARNING * * *
The bog mummy moves out of view.
The mummy closely misses you.
There is a gate leading back out of this place here.
Welcome back to the Dungeon! x2
Level annotation: Pikel The jackal zombie bites you but does no damage.
The jackal zombie closely misses you.
There is a collapsed entrance here.
As you read the scroll labeled FYLIERCHATAQ, it crumbles to dust.
It is a scroll of enchant weapon.
Enchant which weapon? (? for menu, Esc to quit)
Your +2 short sword of venom glows red for a moment.
The jackal zombie barely misses you.
The crimson imp blinks!
The slave completely misses you.
As you read the scroll labeled LOTICOORES, it crumbles to dust.
You feel blessed for a moment.
It was a scroll of remove curse.
The jackal zombie bites you but does no damage.
The slave hits you.
You die...

##.# #.# .......# #.#
......#
#'#######+?....#
##...#...#.....#
#.>.#.>.##....
#...#...##... ###
##########..########..
#...#@Z.##............
#.>.#pp.##............
#...#...#..5..........
+#######'§p...........
#..........#####
.......###...#
........5# #...#
[..........# #...w
...........#


You could see 2 slaves, a crimson imp and a jackal zombie.

Vanquished Creatures
  Sigmund (D:2)
  A phantom (D:4)
  A howler monkey (D:5)
  2 giant frog zombies
  A hound (D:4)
  A giant frog skeleton (D:5)
  2 orc priests
  A mummy (Ossuary)
  An iguana (D:4)
  2 orc wizards
  6 adders
  2 oozes (D:3)
  An adder skeleton (D:4)
  3 worms
  3 dart slugs (D:1)
  A giant gecko (D:1)
  9 orcs
  2 ball pythons
  12 bats
  A giant cockroach (D:2)
  7 goblins
  10 hobgoblins
  8 jackals
  5 quokkas
  2 giant newts
  12 kobolds
  7 rats
104 creatures vanquished.

Vanquished Creatures (others)
  A withered plant (Ossuary)
1 creature vanquished.

Grand Total: 105 creatures vanquished

Notes
Turn   | Place    | Note
--------------------------------------------------------------
     0 | D:1      | Laan the Mummy Conjurer began the quest for the Orb.
     0 | D:1      | Reached XP level 1. HP: 13/13 MP: 3/3
   231 | D:1      | Reached XP level 2. HP: 19/19 MP: 0/5
   697 | D:1      | Reached skill level 4 in Conjurations
   904 | D:1      | Reached XP level 3. HP: 18/24 MP: 0/6
  1805 | D:2      | Noticed Sigmund
  2070 | D:3      | Reached XP level 4. HP: 18/30 MP: 0/7
  2306 | D:3      | Reached skill level 5 in Conjurations
  2632 | D:3      | Found a hazy altar of Hepliaklqana.
  2888 | D:3      | Reached XP level 5. HP: 35/35 MP: 3/8
  3147 | D:3      | Learned a level 4 spell: Iskenderun's Mystic Blast
  3838 | D:2      | Killed Sigmund
  3838 | D:2      | Reached skill level 6 in Conjurations
  3838 | D:2      | Reached XP level 6. HP: 29/41 MP: 2/9
  4702 | D:4      | Found a staircase to the Ecumenical Temple.
  4709 | Temple   | Entered the Ecumenical Temple
  4801 | Temple   | Became a worshipper of Vehumet
  5091 | D:4      | Reached skill level 7 in Conjurations
  5091 | D:4      | Reached XP level 7. HP: 34/46 MP: 0/10
  6066 | D:5      | Entered Level 5 of the Dungeon
  6080 | D:5      | Found a white marble altar of Elyvilon.
  6386 | D:5      | Found an opulent altar of Gozag.
  6392 | D:5      | Noticed Pikel
  6493 | D:5      | Found a sand-covered staircase.
  6497 | Ossuary  | Entered an ossuary
  6573 | Ossuary  | HP: 2/46 [mummy (4)]
  6580 | D:5      | Slain by a slave

Vault maps used:
D:1:      evilmike_arrival_hilbert_curve
D:2:      grunt_ministairs_14, minmay_splitting_lines, uniq_sigmund
D:3:      overflow_temple_1_default, first_bread
D:4:      minmay_temple_entry_hall
D:5:      kennysheep_ying_yang, nicolae_ossuary_entry_false_entrances,
          serial_curves, eino_curves_03, eino_curves_03,
          nicolae_gozag_seed_capital, uniq_pikel
Temple:   nicolae_temple_elliptical
Ossuary:  ossuary_zaba_flooded

Skill      XL: |  1  2  3  4  5  6 |
---------------+-------------------+-----
Conjurations   | 4 5 6 7 |  7.8
Dodging        | |  1.5
Stealth        | |  1.5
Spellcasting   | |  2.0

Action                   |  1- 3 |  4- 6 |  7- 9 || total
-------------------------+-------+-------+-------++-------
Melee: Club              |    15 |       |       ||    15
       Mace              |    19 |     5 |       ||    24
       Short sword       |       |    33 |    15 ||    48
 Cast: Magic Dart        |    92 |   116 |    67 ||   275
       Iskenderun's Myst |       |     4 |       ||     4
Evoke: Wand              |       |     1 |       ||     1
  Use: Scroll            |       |       |     2 ||     2
 Stab: Sleeping          |       |     1 |       ||     1
Armor: Robe              |    16 |    11 |     9 ||    36
Dodge: Dodged            |    36 |    32 |    32 ||   100
